 Dungeon Crawl Stone Soup version 0.21-a0-84-g85d6d27 (webtiles) character file.

2716 Qalyar the Cleaver (level 9, -2/82 (83) HPs)
             Began as a Minotaur Fighter on June 30, 2017.
             Slain by a hornet (8 damage)
             ... while paralysed by a hornet
             ... on level 8 of the Dungeon.
             The game lasted 00:50:27 (4720 turns).

Qalyar the Cleaver (Minotaur Fighter)               Turns: 4720, Time: 00:50:28

HP:   -2/82 (83)    AC: 13    Str: 23 (24) XL:     9   Next: 39%
MP:   8/8           EV:  2    Int:  4 (5)  God:
Gold: 435           SH:  0    Dex:  8 (10) Spells: 8/8 levels left

rFire    . . .     SeeInvis .   U - +0 war axe
rCold    . . .     Gourm    .   j - +2 shield
rNeg     . . .     Faith    .   N - +0 chain mail
rPois    .         Spirit   .   b - +2 hat
rElec    .         Reflect  .   z - +0 cloak
rCorr    .         Harm     .   (no gloves)
MR       ++...                  (no boots)
Stlth    ..........             R - amulet of rage
HPRegen  0.23/turn              e - ring of protection from magic
MPRegen  0.11/turn              L - ring of protection from magic

@: paralysed, lethally poisoned (-2 -> -14)
A: retaliatory headbutt, horns 2
a: Evoke Berserk Rage


You were on level 8 of the Dungeon.
You were very hungry.

You visited 1 branch of the dungeon, and saw 8 of its levels.

You collected 435 gold pieces.

Inventory:

Hand Weapons
 a - a +0 war axe
 s - a +2 antimagic trident
 y - a +2 quarterstaff of chaos
 A - a +0 mace of draining
 H - a +2 short sword of draining
 U - a +0 war axe (weapon)
Missiles
 B - 3 poisoned tomahawks (quivered)
Armour
 b - a +2 hat (worn)
 j - a +2 shield (worn)
 o - a +0 scale mail
 z - a +0 cloak (worn)
 E - a +1 hat
 N - a +0 chain mail (worn)
 O - a +3 scale mail of cold resistance
Jewellery
 e - a ring of protection from magic (left hand)
 l - an uncursed ring of poison resistance
 G - an uncursed ring of poison resistance
 L - a ring of protection from magic (right hand)
 R - an amulet of rage (around neck)
 T - an uncursed ring of magical power
Wands
 c - a wand of polymorph (9/24)
 P - a wand of digging (18/24)
 S - a wand of polymorph (14/24)
Scrolls
 h - 3 scrolls of magic mapping {unknown}
 i - 2 scrolls of teleportation {unknown}
 m - 10 scrolls of identify {unknown}
 r - 2 scrolls of blinking {unknown}
 v - a scroll of enchant armour {unknown}
 w - a scroll of noise {unknown}
 x - 2 scrolls of recharging {unknown}
 C - 3 scrolls of amnesia {unknown}
 F - 2 scrolls of fog {unknown}
 J - a scroll of remove curse {unknown}
Potions
 d - a potion of might
 k - a potion of degeneration
 t - a potion of resistance {unknown}
 u - a potion of haste {unknown}
 D - a potion of brilliance {unknown}
 I - a potion of agility
 K - a potion of mutation {unknown}
 Q - a potion of flight {unknown}
Books
 M - a book of Minor Magic

   Spells                             Type                      Level
   a - Magic Dart                     Conjuration                  1
   b - Blink                          Translocation                2
   c - Call Imp                       Summoning                    2
   d - Slow                           Hexes                        2
   e - Conjure Flame                  Conjuration/Fire             3
   f - Mephitic Cloud                 Conjuration/Poison/Air       3
Comestibles
 f - 7 bread rations
 g - 2 royal jellies
 n - 5 meat rations
 q - 9 fruits


   Skills:
 + Level 9.1 Fighting
 * Level 12.2 Axes
 + Level 5.5 Armour
 - Level 3.6 Shields


You had 8 spell levels left.
You didn't know any spells.

Dungeon Overview and Level Annotations

Branches:
Dungeon (8/15)
 Temple: D:4-7         Lair: D:8-11

Altars:
Trog


Innate Abilities, Weirdness & Mutations

You reflexively headbutt those who attack you in melee.
You have a pair of horns on your head.


Message History

* * * LOW HITPOINT WARNING * * *
Something hits you but does no damage. The hornet barely misses you.
You furiously retaliate!
You headbutt the hornet.
It was a potion of degeneration.
There was something very wrong with that liquid.
You feel weakened.
You feel dopey.
You feel clumsy.
You feel sick. The hornet barely misses you. You block the jelly's attack.
You block something's attack. The hornet stings you!
* * * LOW HITPOINT WARNING * * *
You feel as though you will be slow longer.
Something hits you but does no damage. The jelly hits you but does no damage.
It was a potion of cancellation.
Your magical effects are unravelling.
You feel magically purged.
You feel yourself speed up.
You are no longer corroded.
You feel sick. The hornet stings you.
* * * LOW HITPOINT WARNING * * *
You are lethally poisoned!
You suddenly lose the ability to move!
The hornet stings you!
You die...

### ...#
#..# #...
##..###
#...y.###.#
#@{(..#
##J.### ..#
..# ..# ..#
... .#.


You could see a hornet and a jelly.

Vanquished Creatures
  A water moccasin (D:7)
  Duvessa (D:6)
  2 necrophages
  The ghost of Qalyar the Shield-Bearer, an amateur MiFi (D:3)
  An ice beast (D:7)
  3 eyes of draining (D:3)
  2 ogres
  A centaur (D:7)
  3 bullfrogs
  4 big kobolds
  Dowan (D:6)
  A scorpion (D:4)
  2 howler monkeys
  4 crimson imps
  A centaur zombie (D:5)
  4 jellies
  A bullfrog skeleton (D:8)
  2 hounds
  3 orc wizards
  Crazy Yiuf (D:3)
  3 orc priests
  2 worker ants
  A killer bee zombie (D:5)
  2 hound skeletons
  A hound zombie (D:5)
  7 gnolls
  8 adders
  2 oozes (D:3)
  An adder skeleton (D:5)
  An adder zombie (D:7)
  5 worms
  3 leopard geckos
  18 orcs
  6 bats
  4 giant cockroaches
  9 goblins
  12 hobgoblins
  6 jackals
  47 kobolds
  3 quokkas
  4 ball pythons
  A ball python skeleton (D:5)
  4 frilled lizards
  A giant cockroach zombie (D:6)
  A leopard gecko skeleton (D:7)
  A leopard gecko zombie (D:8)
  11 rats
203 creatures vanquished.

Notes
Turn   | Place    | Note
-------+----------+-------------------------------------------
     0 | D:1      | Qalyar the Minotaur Fighter began the quest for the Orb.
     0 | D:1      | Reached XP level 1. HP: 19/19 MP: 0/0
   154 | D:1      | Reached XP level 2. HP: 26/27 MP: 1/1
   169 | D:2      | Reached skill level 3 in Axes
   609 | D:2      | Reached XP level 3. HP: 14/33 MP: 2/2
   798 | D:2      | Reached skill level 4 in Axes
  1119 | D:2      | Reached XP level 4. HP: 38/41 MP: 3/3
  1257 | D:4      | Reached skill level 5 in Axes
  1292 | D:3      | Noticed Qalyar's ghost (amateur MiFi)
  1311 | D:3      | Killed Qalyar's ghost
  1311 | D:3      | Reached skill level 5 in Fighting
  1311 | D:3      | Reached XP level 5. HP: 9/48 MP: 4/4
  1577 | D:3      | Found a bloodstained altar of Trog.
  1577 | D:3      | Noticed an eye of draining
  1577 | D:3      | Noticed an eye of draining
  1586 | D:3      | Noticed an eye of draining
  1592 | D:3      | Reached skill level 6 in Axes
  1596 | D:3      | Killed an eye of draining
  1596 | D:3      | Reached XP level 6. HP: 46/56 MP: 0/5
  1602 | D:3      | Reached skill level 7 in Axes
  1717 | D:4      | Reached XP level 7. HP: 52/63 MP: 6/6
  1924 | D:3      | Found a runed door.
  1928 | D:3      | Noticed Crazy Yiuf
  1937 | D:3      | Killed Crazy Yiuf
  2010 | D:4      | Reached skill level 8 in Axes
  2194 | D:5      | Entered Level 5 of the Dungeon
  2628 | D:5      | Reached skill level 9 in Axes
  2839 | D:5      | Reached XP level 8. HP: 68/73 MP: 7/7
  3183 | D:5      | Reached skill level 10 in Axes
  3528 | D:6      | Noticed Duvessa
  3528 | D:6      | Noticed Dowan
  3534 | D:6      | Killed Duvessa
  3534 | D:6      | Reached skill level 11 in Axes
  3541 | D:6      | Killed Dowan
  3693 | D:6      | Reached XP level 9. HP: 77/81 MP: 8/8
  3824 | D:6      | Noticed Sigmund
  3828 | D:6      | Noticed Sigmund
  3828 | D:6      | Sigmund changed into Sigmund the worm
  3833 | D:6      | Killed Sigmund the worm
  4118 | D:7      | Reached skill level 5 in Armour
  4627 | D:7      | Reached skill level 12 in Axes
  4720 | D:8      | Paralysed by a hornet for 1 turns
  4720 | D:8      | Slain by a hornet

Vault maps used:
D:1:      ncdulo_watergridlock
D:3:      trog_eyes_of_draining, first_bread, minmay_ruptured,
          uniq_crazy_yiuf_cottage
D:5:      minmay_goblin_kobold_castle, serial_bayou_crossing
D:6:      minmay_temple_entry_enclosed_plants, uniq_sigmund, uniq_duvessa
D:8:      minmay_lindwurm_lava

Skill      XL: |  1  2  3  4  5  6  7  8  9 |
---------------+----------------------------+-----
Axes           | 3 4 5 6 7 9 11 12 | 12.2
Fighting       | 4 5 6 7 8 9 |  9.1
Armour         | 4 5 |  5.5
Shields        | |  3.6

Action                   |  1- 3 |  4- 6 |  7- 9 || total
-------------------------+-------+-------+-------++-------
Melee: War axe           |    88 |    78 |   325 ||   491
       Headbutt          |    18 |    21 |    59 ||    98
       Mace              |       |       |     7 ||     7
Throw: Tomahawk          |       |       |     6 ||     6
Evoke: Wand              |       |       |     2 ||     2
  Use: Potion            |       |       |     2 ||     2
  Eat: Chunk             |     1 |     2 |     9 ||    12
Armor: Scale mail        |    34 |    12 |    61 ||   107
       Chain mail        |       |       |    68 ||    68
Dodge: Dodged            |    16 |    12 |    81 ||   109
Block: Shield            |    42 |    27 |   191 ||   260
